[Event "Friday 27 April Rapid Engine Tour 12+1 Rounds 9 Starts 1600ST"]
[Site "Infinity Chess"]
[Date "2018.4.27"]
[Round "5"]
[White "Katzenmaier"]
[Black "coreoptimist"]
[Result "1/2-1/2"]
[ECO "A20"]
[WhiteElo "2466"]
[BlackElo "2360"]
[WhiteEngine "Raubfisch X38b1"]
[BlackEngine "asmFishW_2018-04-25_bmi2_CTG"]
[EventType "Swiss"]
[WhiteTeam ""]
[BlackTeam ""]
[PlyCount "99"]
[TimeControl "720+1"]

1. c4 e5 2. g3 Nf6 3. Bg2 d5 4. cxd5 Nxd5 5. Nc3 Nb6 6. e3 Nc6 7. Nge2 h5 
8. O-O h4 9. d4 hxg3 10. fxg3 Bg4 11. Bxc6+ bxc6 12. Qc2 Qg5 13. dxe5 Nc4 
14. h4 Qg6 15. Qxg6 fxg6 16. Nf4 Nxe5 17. Ne4 O-O-O 18. b3 Bb4 19. Ng5 Rhe8 
20. Bb2 Rd2 21. Rf2 Rd7 22. Rc2 Nf3+ 23. Nxf3 Bxf3 24. Bd4 g5 25. hxg5 Be4 
26. Rc4 c5 27. Bxc5 Bxc5 28. Rxc5 Rh8 29. Ng2 Rh3 30. Re5 Rxg3 31. Rxe4 Rd2 
32. Kh1 Rgxg2 33. Rc4 a6 34. Rc6 Rge2 35. Rxa6 Rh2+ 36. Kg1 Rdg2+ 37. Kf1 Rxg5 
38. Rd1 Kb7 39. Ra4 Rgg2 40. a3 Rb2 41. Rb4+ Kc8 42. Kg1 Rhg2+ 43. Kf1 Rgf2+ 
44. Kg1 Rg2+ 45. Kf1 c6 46. Rf4 Rh2 47. Kg1 Rhg2+ 48. Kf1 Rh2 49. Kg1 Rhg2+ 
50. Kf1 1/2-1/2

[Event "Friday 27 April Rapid Engine Tour 12+1 Rounds 9 Starts 1600ST"]
[Site "Infinity Chess"]
[Date "2018.4.27"]
[Round "5"]
[White "Marsell"]
[Black "hafaba"]
[Result "1/2-1/2"]
[ECO "B90"]
[WhiteElo "2454"]
[BlackElo "2398"]
[WhiteEngine "BrainFish_180418_x64_bmi2"]
[BlackEngine "Eman 1.70-beta21 64-bit POPCNT_CTG"]
[EventType "Swiss"]
[WhiteTeam ""]
[BlackTeam ""]
[PlyCount "110"]
[TimeControl "720+1"]

1. e4 c5 2. Nf3 d6 3. d4 cxd4 4. Nxd4 Nf6 5. Nc3 a6 6. Be3 e5 7. Nb3 Be6 
8. f3 Be7 9. Qd2 O-O 10. O-O-O Nbd7 11. g4 b5 12. g5 b4 13. Ne2 Ne8 14. f4 a5 
15. f5 a4 16. Nbd4 exd4 17. Nxd4 b3 18. Kb1 bxc2+ 19. Nxc2 Bb3 20. axb3 axb3 
21. Na3 Ne5 22. h4 Ra4 23. Rh3 Qa8 24. Qd5 Rxa3 25. bxa3 Qxa3 26. Qd2 Nf6 
27. Bd4 Nfd7 28. Rc3 Nc5 29. Rxc5 Nf3 30. Qa5 Qa2+ 31. Qxa2 bxa2+ 32. Kxa2 dxc5 
33. Be3 Rd8 34. Rxd8+ Bxd8 35. Bf2 Ba5 36. Bc4 Be1 37. Bxc5 g6 38. fxg6 hxg6 
39. h5 Kg7 40. hxg6 Kxg6 41. Bd5 Bh4 42. Kb3 Nxg5 43. Kc4 Bg3 44. Be3 Kh5 
45. Bd4 Kg6 46. Bb7 Nf3 47. Bc5 Kg5 48. Kd5 f6 49. Ba6 Be5 50. Be2 Kg4 
51. Be3 Kg3 52. Bc1 Nd4 53. Bb2 Nxe2 54. Bxe5+ fxe5 55. Kxe5 Kf3 1/2-1/2

[Event "Friday 27 April Rapid Engine Tour 12+1 Rounds 9 Starts 1600ST"]
[Site "Infinity Chess"]
[Date "2018.4.27"]
[Round "5"]
[White "star99"]
[Black "angriff"]
[Result "1/2-1/2"]
[ECO "C50"]
[WhiteElo "2450"]
[BlackElo "2412"]
[WhiteEngine "Cryptic Heroes 9.4B"]
[BlackEngine "DracoREX 3.07 64BIT POPCNT_CTG"]
[EventType "Swiss"]
[WhiteTeam ""]
[BlackTeam ""]
[PlyCount "94"]
[TimeControl "720+1"]

1. e4 e5 2. Nf3 Nc6 3. Bc4 Bc5 4. O-O Nf6 5. d3 d6 6. Nc3 h6 7. Na4 Bb6 
8. c3 O-O 9. b4 Ne7 10. Nxb6 axb6 11. Bd2 Ng6 12. h3 c6 13. Bb3 d5 14. exd5 Nxd5 
15. Re1 Re8 16. d4 e4 17. Ne5 Nxe5 18. dxe5 Qh4 19. c4 Nf4 20. Bxf4 Qxf4 
21. Qd4 Qxe5 22. Qxb6 Ra6 23. Qe3 c5 24. bxc5 Bd7 25. Rad1 Bc6 26. f4 Qb2 
27. Rd6 Kh7 28. Red1 Qa3 29. g4 Raa8 30. h4 Ra5 31. Kf2 Rxc5 32. g5 Ra8 
33. Bc2 Qxe3+ 34. Kxe3 Rxa2 35. Kd4 Rca5 36. Bxe4+ Bxe4 37. Kxe4 Rc5 
38. R1d4 Ra4 39. Rd7 hxg5 40. hxg5 Rcxc4 41. Rxc4 Rxc4+ 42. Kf3 b5 43. Rxf7 Rc1 
44. f5 Rg1 45. f6 Rxg5 46. fxg7 Rxg7 47. Rxg7+ Kxg7 1/2-1/2

[Event "Friday 27 April Rapid Engine Tour 12+1 Rounds 9 Starts 1600ST"]
[Site "Infinity Chess"]
[Date "2018.4.27"]
[Round "5"]
[White "HerzsjeMZ"]
[Black "Eman"]
[Result "1/2-1/2"]
[ECO "B90"]
[WhiteElo "2444"]
[BlackElo "2442"]
[WhiteEngine "BrainFish_180423_x64_modern"]
[BlackEngine "Eman 1.70-beta27 64-bit BMI2"]
[EventType "Swiss"]
[WhiteTeam ""]
[BlackTeam ""]
[PlyCount "105"]
[TimeControl "720+1"]

1. e4 c5 2. Nf3 d6 3. d4 cxd4 4. Nxd4 Nf6 5. Nc3 a6 6. Be3 e5 7. Nb3 Be6 
8. Be2 Be7 9. Qd3 O-O 10. O-O Nc6 11. a3 Rc8 12. Rfe1 Na5 13. Nxa5 Qxa5 
14. h3 Rfd8 15. Bf3 b5 16. Bd2 Qb6 17. Rac1 Bc4 18. Be3 Qb7 19. Qd2 h6 
20. Red1 Be6 21. Qd3 Re8 22. b3 Bd7 23. Be2 Bd8 24. Nd5 Nxd5 25. exd5 f5 
26. Bd2 Rf8 27. c4 Bb6 28. Be3 Qa7 29. Bxb6 Qxb6 30. Qd2 bxc4 31. bxc4 Qa7 
32. Qb4 Rc5 33. Rb1 Bc8 34. Qb6 Qe7 35. f3 g5 36. Qb2 h5 37. Qd2 f4 38. Rb6 g4 
39. fxg4 hxg4 40. hxg4 e4 41. Rf1 Qa7 42. Qb4 a5 43. Qb1 Rc7 44. c5 Rxc5 
45. Qxe4 Qxb6 46. Qg6+ Kh8 47. Qh6+ Kg8 48. Qg6+ Kh8 49. Qh5+ Kg7 50. Qg5+ Kh8 
51. Qh5+ Kg7 52. Qg5+ Kh8 53. Qh5+ 1/2-1/2

[Event "Friday 27 April Rapid Engine Tour 12+1 Rounds 9 Starts 1600ST"]
[Site "Infinity Chess"]
[Date "2018.4.27"]
[Round "5"]
[White "xeonrocks"]
[Black "ocirema"]
[Result "1-0"]
[ECO "C55"]
[WhiteElo "2536"]
[BlackElo "2448"]
[WhiteEngine "Stockfish_x64_bmi2_CTG"]
[BlackEngine "asmFishW_2018-04-24_popcnt"]
[EventType "Swiss"]
[WhiteTeam ""]
[BlackTeam ""]
[PlyCount "207"]
[TimeControl "720+1"]

1. e4 e5 2. Nf3 Nc6 3. Bc4 Nf6 4. d3 Bc5 5. O-O O-O 6. c3 d6 7. Re1 a5 
8. Nbd2 Ba7 9. Nf1 Be6 10. Bb5 Ne7 11. d4 exd4 12. Nxd4 Ng6 13. Ba4 c6 
14. Bc2 Bg4 15. f3 Bd7 16. Ng3 Re8 17. f4 b5 18. h3 b4 19. Kh1 h6 20. Ndf5 Bc5 
21. Bd2 Bxf5 22. Nxf5 Qd7 23. Nd4 Bb6 24. Qf3 c5 25. Ne2 c4 26. Ng3 Bc5 
27. Rad1 Qc6 28. Nf5 Rab8 29. Re2 Rbd8 30. Be1 Qb7 31. b3 cxb3 32. axb3 Qa6 
33. Bd2 Qb6 34. Kh2 Ne7 35. Nxe7+ Rxe7 36. cxb4 axb4 37. Bc1 Ree8 38. Bb2 d5 
39. e5 Ne4 40. Rxd5 Nc3 41. Rxd8 Rxd8 42. Bxc3 bxc3 43. Qxc3 Qb4 44. Qxb4 Bxb4 
45. Re4 Bd2 46. Kg3 g5 47. fxg5 hxg5 48. Kg4 Kg7 49. Re2 Bc3 50. Re3 Bb2 
51. Be4 Bxe5 52. Kxg5 Re8 53. Rf3 Bd6 54. Bd3 Re5+ 55. Kg4 Bb4 56. h4 Be1 
57. g3 Bb4 58. Bc4 f6 59. Rd3 f5+ 60. Kh3 Be1 61. Rf3 Rc5 62. Kg2 Bd2 
63. Rd3 Bc1 64. Rd6 Ba3 65. h5 Re5 66. h6+ Kh7 67. Rf6 Be7 68. Rxf5 Rxf5 
69. Bd3 Ba3 70. Bxf5+ Kxh6 71. g4 Kg5 72. Kf3 Kf6 73. Ke4 Kg5 74. Kd5 Kf6 
75. Kc4 Bc1 76. b4 Ke5 77. Kc5 Ba3 78. Kb5 Kd5 79. g5 Ke5 80. g6 Kf6 81. Kc4 Bb2 
82. Be4 Be5 83. b5 Ba1 84. Kd5 Bc3 85. b6 Bd2 86. Kd6 Bc1 87. b7 Be3 88. Kc7 Bh6 
89. b8=Q Bf4+ 90. Kb7 Bxb8 91. Kxb8 Ke7 92. Kc7 Ke6 93. Kc6 Ke7 94. Kd5 Kf8 
95. Ke6 Kg7 96. Bc2 Kf8 97. Kf6 Ke8 98. g7 Kd7 99. g8=Q Kc6 100. Bd3 Kc7 
101. Ke7 Kb7 102. Kd7 Ka7 103. Qc8 Kb6 104. Qc7# 1-0

[Event "Friday 27 April Rapid Engine Tour 12+1 Rounds 9 Starts 1600ST"]
[Site "Infinity Chess"]
[Date "2018.4.27"]
[Round "5"]
[White "Victorious"]
[Black "Thinker"]
[Result "1/2-1/2"]
[ECO "C50"]
[WhiteElo "2518"]
[BlackElo "2462"]
[WhiteEngine "asmFishW_2018-04-24_popcnt"]
[BlackEngine "BrainFish_180418_x64_modern_CTG"]
[EventType "Swiss"]
[WhiteTeam ""]
[BlackTeam ""]
[PlyCount "154"]
[TimeControl "720+1"]

1. e4 e5 2. Nf3 Nc6 3. Bc4 Bc5 4. O-O Nf6 5. d3 d6 6. c3 O-O 7. Bb3 h6 
8. Nbd2 a5 9. a4 Re8 10. Re1 Ng4 11. Re2 Be6 12. Bxe6 Rxe6 13. Qb3 Nf6 
14. Qc4 Re8 15. Nf1 Qd7 16. Be3 Bxe3 17. Nxe3 Ne7 18. g3 Ng6 19. Kg2 Nf8 
20. h3 Ne6 21. Qb5 c6 22. Qb3 Nh5 23. Qc2 Nf6 24. Ree1 Rad8 25. Rad1 Nc5 
26. b4 axb4 27. cxb4 Ne6 28. a5 Nc7 29. Nc4 Re6 30. Nb6 Qe7 31. Na4 Na6 
32. Rb1 Nc7 33. Qb3 Qe8 34. Rb2 Re7 35. Rbb1 Qd7 36. Rbc1 Ne6 37. Nb6 Qe8 
38. Qb2 Nd7 39. Nc4 Nf6 40. Nb6 Nc7 41. Nh4 Kh7 42. Nc4 Re6 43. Nb6 Nd7 
44. Na4 Qf8 45. Rb1 Ree8 46. d4 exd4 47. Qxd4 Nb5 48. Qa1 g6 49. Nc3 Nxc3 
50. Qxc3 Re6 51. Nf3 Nf6 52. e5 dxe5 53. Rxe5 Rxe5 54. Nxe5 Qd6 55. Nf3 Ne4 
56. Qb2 Kg8 57. Re1 Qd5 58. Re3 f6 59. Ne1 Qc4 60. Qb1 f5 61. Nd3 Rd4 
62. Nc5 Qd5 63. Nxe4 fxe4 64. Qb3 Kf7 65. Qxd5+ cxd5 66. Rb3 Ke6 67. b5 Ra4 
68. a6 Kd7 69. axb7 Kc7 70. f3 Kxb7 71. fxe4 Rxe4 72. Ra3 Kb6 73. Ra6+ Kxb5 
74. Rxg6 d4 75. Rxh6 d3 76. Rd6 Kc4 77. Kf1 Kc3 1/2-1/2

[Event "Friday 27 April Rapid Engine Tour 12+1 Rounds 9 Starts 1600ST"]
[Site "Infinity Chess"]
[Date "2018.4.27"]
[Round "5"]
[White "KhalidOmar"]
[Black "Pirate"]
[Result "1/2-1/2"]
[ECO "B30"]
[WhiteElo "2435"]
[BlackElo "2559"]
[WhiteEngine "Eman 1.70-beta27 64-bit BMI2"]
[BlackEngine "asmFishW_IX_bmi2_CTG"]
[EventType "Swiss"]
[WhiteTeam ""]
[BlackTeam ""]
[PlyCount "122"]
[TimeControl "720+1"]

1. e4 c5 2. Nf3 Nc6 3. Bb5 e6 4. O-O Nge7 5. d4 cxd4 6. Nxd4 Qb6 7. Nxc6 bxc6 
8. Be2 Ng6 9. c4 Be7 10. Be3 c5 11. Qd2 O-O 12. Nc3 Bb7 13. f4 a6 14. f5 Ne5 
15. Rad1 d6 16. g4 Qb4 17. b3 Rae8 18. h3 exf5 19. gxf5 Nd7 20. Bf4 Bf6 
21. Nd5 Qxd2 22. Rxd2 Bxd5 23. cxd5 Be5 24. Bxa6 Bxf4 25. Rxf4 Rb8 26. Bc4 Ne5 
27. f6 g6 28. a4 Rb4 29. Ra2 Nxc4 30. bxc4 Rxc4 31. a5 h5 32. Ra3 Kh7 33. h4 g5 
34. hxg5 Kg6 35. Kf2 Rb4 36. a6 Ra8 37. Ke3 Ra7 38. e5 dxe5 39. Rxb4 cxb4 
40. Ra1 b3 41. Ke4 h4 42. Rb1 Rxa6 43. Rxb3 Kxg5 44. Kxe5 Rxf6 45. d6 Re6+ 
46. Kd5 Re1 47. d7 Rd1+ 48. Kc6 Kf6 49. Rb8 h3 50. Rh8 Ke7 51. Re8+ Kf6 
52. Rh8 Ke7 53. Re8+ Kf6 54. d8=Q+ Rxd8 55. Rxd8 Kg5 56. Rf8 Kg4 57. Rxf7 h2 
58. Rf1 Kh4 59. Rb1 Kg4 60. Kc5 Kh3 61. Rd1 Kg4 1/2-1/2

[Event "Friday 27 April Rapid Engine Tour 12+1 Rounds 9 Starts 1600ST"]
[Site "Infinity Chess"]
[Date "2018.4.27"]
[Round "4"]
[White "coreoptimist"]
[Black "Marsell"]
[Result "1/2-1/2"]
[ECO "C55"]
[WhiteElo "2356"]
[BlackElo "2458"]
[WhiteEngine "asmFishW_2018-04-25_bmi2_CTG"]
[BlackEngine "BrainFish_180418_x64_bmi2"]
[EventType "Swiss"]
[WhiteTeam ""]
[BlackTeam ""]
[PlyCount "113"]
[TimeControl "720+1"]

1. e4 e5 2. Nf3 Nc6 3. Bc4 Nf6 4. d3 Bc5 5. O-O d6 6. c3 O-O 7. Bg5 h6 8. Bh4 a6 
9. a4 g5 10. Bg3 Ba7 11. Nbd2 Nh7 12. h3 h5 13. Kh1 Kh8 14. b4 h4 15. Bh2 g4 
16. hxg4 Bxg4 17. b5 Na5 18. Ba2 Ng5 19. Qe1 h3 20. Rg1 Rg8 21. Nxg5 hxg2+ 
22. Rxg2 Qxg5 23. Qg1 Qh5 24. Bxf7 Qxf7 25. Rxg4 Bxf2 26. Qg2 Rxg4 27. Qxg4 Rg8 
28. Qh3+ Qh7 29. Qxh7+ Kxh7 30. Bg1 Bxg1 31. Rxg1 Rxg1+ 32. Kxg1 axb5 
33. axb5 Kg6 34. Kf1 Kf6 35. c4 c6 36. bxc6 bxc6 37. Ke2 Ke6 38. Ke3 c5 
39. Nf3 Nc6 40. Kf2 Kf6 41. Ke3 Nd4 42. Ne1 Nc6 43. Nf3 Ke6 44. Kf2 Nd4 
45. Nxd4+ cxd4 46. Kg3 Kf6 47. Kf3 Ke6 48. Kg4 Kf6 49. Kf3 Ke6 50. Kf2 Kd7 
51. Ke2 Kc6 52. Kd1 Kb6 53. Kc2 Kc5 54. Kc1 Kb4 55. Kb2 Kc5 56. Kb3 Kc6 57. Kb4 
1/2-1/2

[Event "Friday 27 April Rapid Engine Tour 12+1 Rounds 9 Starts 1600ST"]
[Site "Infinity Chess"]
[Date "2018.4.27"]
[Round "4"]
[White "KQRBNP"]
[Black "hafaba"]
[Result "1/2-1/2"]
[ECO "E10"]
[WhiteElo "2329"]
[BlackElo "2401"]
[WhiteEngine "Eman 1.70-beta27 64-bit POPCNT"]
[BlackEngine "Eman 1.70-beta21 64-bit POPCNT_CTG"]
[EventType "Swiss"]
[WhiteTeam ""]
[BlackTeam ""]
[PlyCount "73"]
[TimeControl "720+1"]

1. d4 Nf6 2. c4 e6 3. Nf3 d5 4. Nc3 c6 5. e3 Nbd7 6. Bd3 dxc4 7. Bxc4 b5 
8. Bd3 a6 9. e4 c5 10. e5 cxd4 11. Ne2 Ng4 12. Be4 Ra7 13. O-O Ndxe5 14. Bf4 Bd6 
15. Bxe5 Bxe5 16. h3 d3 17. hxg4 dxe2 18. Qxe2 Bd6 19. Rfd1 Qb6 20. Rac1 Rc7 
21. Rxc7 Qxc7 22. Qd2 Bf4 23. Qd3 h6 24. g3 Bg5 25. Nxg5 hxg5 26. Bc6+ Ke7 
27. Qa3+ Kf6 28. Qf3+ Ke7 29. Qe3 Kf6 30. Qf3+ Ke7 31. Qe3 Kf6 32. Qc3+ e5 
33. Qf3+ Ke7 34. Qe3 Kf6 35. Qf3+ Ke7 36. Qe3 Kf6 37. Qf3+ 1/2-1/2

[Event "Friday 27 April Rapid Engine Tour 12+1 Rounds 9 Starts 1600ST"]
[Site "Infinity Chess"]
[Date "2018.4.27"]
[Round "4"]
[White "KhalidOmar"]
[Black "Cepri"]
[Result "1-0"]
[ECO "D31"]
[WhiteElo "2420"]
[BlackElo "2404"]
[WhiteEngine "Eman 1.70-beta27 64-bit BMI2"]
[BlackEngine "asmfishw_25A18b_CTG"]
[EventType "Swiss"]
[WhiteTeam ""]
[BlackTeam ""]
[PlyCount "255"]
[TimeControl "720+1"]

1. d4 d5 2. c4 e6 3. Nc3 c6 4. e4 dxe4 5. Nxe4 Bb4+ 6. Nc3 c5 7. a3 Ba5 
8. Nf3 Nf6 9. Be2 Ne4 10. Bd2 Nxc3 11. bxc3 O-O 12. O-O cxd4 13. cxd4 Bxd2 
14. Qxd2 b6 15. d5 Na6 16. Rad1 Qf6 17. Qd4 Nc5 18. Ne5 Bb7 19. Rfe1 Rad8 
20. Bf3 Rd6 21. h4 Rfd8 22. Qg4 Qe7 23. Qg3 f6 24. Nd3 Nxd3 25. Rxd3 Qf8 
26. h5 exd5 27. h6 g6 28. Qf4 g5 29. Qd2 Qxh6 30. Re7 Bc6 31. Rxa7 f5 
32. Bxd5+ Bxd5 33. Rxd5 Rxd5 34. cxd5 Qf6 35. Qd1 h5 36. g3 f4 37. gxf4 Qg6 
38. f5 Qxf5 39. d6 Rd7 40. Rxd7 Qxd7 41. Qxh5 Qxd6 42. Qxg5+ Kf7 43. Qf5+ Ke7 
44. Qe4+ Kf6 45. Qh4+ Kf7 46. Qh5+ Ke7 47. Qg5+ Ke8 48. Qg8+ Kd7 49. Qg4+ Kc6 
50. a4 Qe5 51. Qc8+ Kd5 52. Qd7+ Ke4 53. Qg4+ Kd5 54. Kg2 Kc5 55. Kh3 Qd5 
56. Kh4 Kd6 57. Qg6+ Kc7 58. Qg7+ Kc8 59. Qg4+ Kc7 60. f4 Qc6 61. Qg7+ Kc8 
62. Qd4 Qh6+ 63. Kg4 Qg6+ 64. Kf3 Qh5+ 65. Ke4 Qh1+ 66. Ke5 Qh8+ 67. Ke4 Qh1+ 
68. Ke5 Qh8+ 69. Kd5 Qd8+ 70. Kc4 Qe8 71. Kd3 Qf8 72. Qe4 Qa3+ 73. Kd2 Kc7 
74. f5 Qd6+ 75. Ke2 Qh2+ 76. Kd3 Qd6+ 77. Ke2 Qh2+ 78. Kd3 Qd6+ 79. Qd4 Qg3+ 
80. Kc4 Qg8+ 81. Kd3 Qg3+ 82. Ke4 Qh4+ 83. Kd5 Qd8+ 84. Ke4 Qh4+ 85. Kd5 Qd8+ 
86. Kc4 Qg8+ 87. Kc3 Qg3+ 88. Kb4 Qg2 89. Qe5+ Kb7 90. f6 Qd2+ 91. Kc4 Qc2+ 
92. Kd5 Qc6+ 93. Kd4 Qxa4+ 94. Ke3 Qd1 95. Kf4 Ka6 96. Qe6 Qd4+ 97. Kg5 Qd2+ 
98. Kg6 Qd3+ 99. Kf7 Qd8 100. Qe2+ Ka5 101. Qe5+ Ka6 102. Kg7 Qd2 103. f7 Qg2+ 
104. Kf6 Qc6+ 105. Qe6 Qc3+ 106. Ke7 Qc7+ 107. Qd7 Qe5+ 108. Kd8 Qg5+ 
109. Kc8 Qf4 110. Qd3+ b5 111. Qd5 Qf6 112. Kc7 Qb6+ 113. Kd7 Qa7+ 114. Kd8 Qf2 
115. Qd6+ Kb7 116. f8=Q Qxf8+ 117. Qxf8 Kc6 118. Qb4 Kd5 119. Kd7 Ke5 
120. Ke7 Kd5 121. Kf6 Kc6 122. Qd4 b4 123. Ke6 b3 124. Qc4+ Kb7 125. Kd7 b2 
126. Qb3+ Ka6 127. Kc6 b1=Q 128. Qa3# 1-0

[Event "Friday 27 April Rapid Engine Tour 12+1 Rounds 9 Starts 1600ST"]
[Site "Infinity Chess"]
[Date "2018.4.27"]
[Round "4"]
[White "angriff"]
[Black "Eman"]
[Result "1/2-1/2"]
[ECO "D45"]
[WhiteElo "2411"]
[BlackElo "2443"]
[WhiteEngine "DracoREX 3.07 64BIT POPCNT_CTG"]
[BlackEngine "Eman 1.70-beta27 64-bit BMI2"]
[EventType "Swiss"]
[WhiteTeam ""]
[BlackTeam ""]
[PlyCount "112"]
[TimeControl "720+1"]

1. d4 d5 2. c4 e6 3. Nc3 Nf6 4. Nf3 c6 5. e3 Nbd7 6. Qc2 Bd6 7. Bd3 O-O 
8. O-O dxc4 9. Bxc4 a6 10. Rd1 b5 11. Bd3 Bb7 12. Ng5 Bxh2+ 13. Kxh2 Ng4+ 
14. Kg1 Qxg5 15. f3 Ngf6 16. e4 Qh4 17. Be3 e5 18. Ne2 Nh5 19. Qd2 h6 
20. Qe1 Qxe1+ 21. Rxe1 Rfd8 22. Bc2 a5 23. Kf2 c5 24. dxc5 Nxc5 25. Bxc5 Rdc8 
26. Bd6 Rxc2 27. Rec1 Rxc1 28. Rxc1 Nf4 29. Nxf4 exf4 30. Bxf4 Rc8 31. Bc7 f6 
32. Rc5 h5 33. Ke3 a4 34. g3 g5 35. Kd4 b4 36. f4 Kf7 37. fxg5 fxg5 38. Rf5+ Kg6 
39. Be5 h4 40. gxh4 gxh4 41. Rf6+ Kh5 42. Rf5+ Kg4 43. Rf4+ Kh5 44. Rf7 Bc6 
45. Rf5+ Kg4 46. Rf4+ Kh5 47. Rf7 Rg8 48. Ke3 h3 49. Kf3 Rg5 50. Bf4 Kg6 
51. Rc7 Rc5 52. Kg4 b3 53. axb3 axb3 54. Kxh3 Rc2 55. Kg3 Bxe4 56. Rxc2 bxc2 
1/2-1/2

[Event "Friday 27 April Rapid Engine Tour 12+1 Rounds 9 Starts 1600ST"]
[Site "Infinity Chess"]
[Date "2018.4.27"]
[Round "4"]
[White "ocirema"]
[Black "star99"]
[Result "1/2-1/2"]
[ECO "D02"]
[WhiteElo "2448"]
[BlackElo "2450"]
[WhiteEngine "asmFishW_2018-04-24_popcnt"]
[BlackEngine "Cryptic Heroes 9.4B"]
[EventType "Swiss"]
[WhiteTeam ""]
[BlackTeam ""]
[PlyCount "212"]
[TimeControl "720+1"]

1. d4 d5 2. Nf3 Bf5 3. c4 e6 4. Nc3 Nf6 5. Nh4 dxc4 6. Nxf5 exf5 7. e3 Nc6 
8. Bxc4 Bd6 9. O-O O-O 10. Qf3 Qd7 11. a3 Rab8 12. g3 Ne7 13. b4 c6 14. Bb2 a5 
15. bxa5 Qd8 16. Rfc1 Qxa5 17. a4 Rbd8 18. Bf1 g6 19. Bg2 Rd7 20. Qd1 Ra8 
21. Nb1 Bb4 22. Na3 Bxa3 23. Rxa3 Ned5 24. Qc2 Re7 25. Rb3 Qc7 26. Ra1 b6 
27. Bc1 Qc8 28. Rba3 Qe8 29. a5 Rxa5 30. Rxa5 bxa5 31. Rxa5 Rb7 32. Ra6 Nb4 
33. Qb3 Rb8 34. Ra3 Nbd5 35. Qc2 Qe6 36. Bd2 Ne4 37. Be1 Kg7 38. Ra6 Rc8 
39. Qc4 Nef6 40. Qb3 Qe8 41. Qc4 Qe6 42. Qc2 Ne4 43. Qb1 Qe8 44. Qc1 Qe6 
45. h3 Nef6 46. Ra5 Kg8 47. Rc5 Kg7 48. Rc4 Qd6 49. Rc5 Ne4 50. Rc2 Nef6 
51. Rc5 Ne4 52. Rc2 Nef6 53. Ba5 Ne4 54. Rc4 Qe6 55. Be1 Nef6 56. Bf1 Qd6 
57. Rc2 Qd7 58. Ba5 Qe6 59. Be1 Qe8 60. Bg2 Qe6 61. Rc4 g5 62. Bd2 Ne4 
63. Qc2 h5 64. Ra4 Nef6 65. Ra1 h4 66. gxh4 gxh4 67. Kh2 Kh8 68. Rg1 Qd6+ 
69. Kh1 Qe6 70. Kh2 Qd6+ 71. Kh1 Qe6 72. Bf3 Ra8 73. Qb3 Ne4 74. Be1 Rg8 
75. Rxg8+ Kxg8 76. Qb8+ Kg7 77. Qh2 f6 78. Qg2+ Kh6 79. Kg1 Ng5 80. Bd2 Ne4 
81. Bxe4 fxe4 82. f3 f5 83. f4 Qf6 84. Kh1 Kh7 85. Kh2 Qe7 86. Qe2 Kg6 
87. Qe1 Kg7 88. Qg1+ Kf7 89. Qd1 Kg6 90. Qe2 Qb7 91. Be1 Qb5 92. Qa2 Qd3 
93. Bf2 Kf6 94. Bxh4+ Kf7 95. Bf2 Kg6 96. Qa8 Nf6 97. Qa1 Qe2 98. Qg1+ Kf7 
99. Qg2 Nd5 100. Qg3 Nf6 101. Kg2 Nh5 102. Qh4 Qf3+ 103. Kh2 Nf6 104. Qg3 Qe2 
105. Kg1 Nd5 106. Kh2 Nf6 1/2-1/2

[Event "Friday 27 April Rapid Engine Tour 12+1 Rounds 9 Starts 1600ST"]
[Site "Infinity Chess"]
[Date "2018.4.27"]
[Round "4"]
[White "Thinker"]
[Black "HerzsjeMZ"]
[Result "1/2-1/2"]
[ECO "C50"]
[WhiteElo "2463"]
[BlackElo "2443"]
[WhiteEngine "BrainFish_180418_x64_modern_CTG"]
[BlackEngine "BrainFish_180423_x64_modern"]
[EventType "Swiss"]
[WhiteTeam ""]
[BlackTeam ""]
[PlyCount "113"]
[TimeControl "720+1"]

1. e4 e5 2. Nf3 Nc6 3. Bc4 Bc5 4. d3 Nf6 5. c3 d6 6. O-O O-O 7. h3 a5 
8. Nbd2 Ba7 9. Re1 Be6 10. Bb5 Ne7 11. d4 Ng6 12. Ba4 Nh5 13. Nf1 exd4 
14. cxd4 Nhf4 15. Bc2 d5 16. Bxf4 Nxf4 17. e5 f6 18. Qd2 fxe5 19. Rxe5 Bd7 
20. Rae1 c6 21. N1h2 Bb8 22. R5e3 Bc7 23. Qd1 g6 24. Ne5 Bd6 25. Nhf3 c5 
26. a3 Rc8 27. dxc5 Bxc5 28. Rc3 Bb6 29. a4 Kg7 30. Qd2 Rxc3 31. bxc3 Bc8 
32. Bd3 Bc5 33. Bf1 b6 34. h4 Nh5 35. Nd3 Bd6 36. Qe3 Nf6 37. Qd4 Qc7 
38. Ng5 Bc5 39. Nxc5 bxc5 40. Qe3 Re8 41. Qd2 Rxe1 42. Qxe1 Ng4 43. Nf3 Bf5 
44. g3 h6 45. Bh3 Qd6 46. c4 dxc4 47. Qxa5 Qd1+ 48. Qe1 Qxf3 49. Qe7+ Kh8 
50. Qf8+ Kh7 51. Qf7+ Kh8 52. Qf8+ Kh7 53. Qe7+ Kg8 54. Qe8+ Kh7 55. Qe7+ Kg8 
56. Qe8+ Kh7 57. Qe7+ 1/2-1/2

[Event "Friday 27 April Rapid Engine Tour 12+1 Rounds 9 Starts 1600ST"]
[Site "Infinity Chess"]
[Date "2018.4.27"]
[Round "4"]
[White "Pirate"]
[Black "Katzenmaier"]
[Result "1-0"]
[ECO "C53"]
[WhiteElo "2546"]
[BlackElo "2479"]
[WhiteEngine "asmFishW_IX_bmi2_CTG"]
[BlackEngine "Raubfisch X38b1"]
[EventType "Swiss"]
[WhiteTeam ""]
[BlackTeam ""]
[PlyCount "170"]
[TimeControl "720+1"]

1. e4 e5 2. Nf3 Nc6 3. Bc4 Bc5 4. c3 Nf6 5. d3 d6 6. O-O O-O 7. Nbd2 a5 
8. Re1 h6 9. Nf1 Be6 10. Bb5 Ne7 11. d4 Bb6 12. Be3 Nxe4 13. dxe5 Bxe3 
14. Rxe3 Ng5 15. Nxg5 hxg5 16. Bd3 g6 17. Bc2 Nd5 18. Rd3 Nf4 19. Rd2 d5 
20. g3 Nh3+ 21. Kg2 c6 22. c4 Qb6 23. cxd5 cxd5 24. Ne3 Kg7 25. Ng4 Rh8 
26. f3 Rac8 27. Bd3 Rh7 28. Qe2 a4 29. a3 d4 30. Be4 Bc4 31. Qe1 Rch8 
32. Kh1 Be6 33. Rc1 Qb3 34. Rcc2 Rd8 35. Rc7 Qb5 36. Kg2 Qa5 37. Re7 Rhh8 
38. Rxe6 fxe6 39. Bd3 Rc8 40. Qd1 Qb6 41. Qb1 Qa5 42. Qe1 Kf7 43. Qd1 Qb6 
44. Qb1 Kg7 45. Bxg6 d3 46. Bxd3 Rcd8 47. Qc1 Kf8 48. Rd1 Ke7 49. Be2 Rxd1 
50. Qxd1 Qc5 51. Qb1 b6 52. Qe1 Kd7 53. Qd2+ Ke7 54. Qd6+ Qxd6 55. exd6+ Kxd6 
56. Bb5 e5 57. Bxa4 Kd5 58. Bc2 Nf4+ 59. gxf4 exf4 60. a4 Kd4 61. Bf5 Ra8 
62. Bd7 Kd5 63. b3 Rd8 64. Bb5 Ke6 65. Bc4+ Kf5 66. Kf1 Re8 67. Kf2 Kg6 
68. Bd3+ Kf7 69. Bf5 Re7 70. Be4 Ke6 71. Ke2 Rc7 72. Kd3 Rc8 73. Kd4 Rd8+ 
74. Kc4 Rd6 75. b4 Kd7 76. Bd5 Kc7 77. Kd4 Rd8 78. Ke5 Rf8 79. Be4 Rf7 
80. Ke6 Rf8 81. Ke7 Rh8 82. Kf6 Rh3 83. Kxg5 Kd6 84. Kxf4 Rh8 85. Kg3 Ke7 1-0

[Event "Friday 27 April Rapid Engine Tour 12+1 Rounds 9 Starts 1600ST"]
[Site "Infinity Chess"]
[Date "2018.4.27"]
[Round "4"]
[White "xeonrocks"]
[Black "Victorious"]
[Result "1/2-1/2"]
[ECO "C50"]
[WhiteElo "2537"]
[BlackElo "2517"]
[WhiteEngine "Stockfish_x64_bmi2_CTG"]
[BlackEngine "asmFishW_2018-04-24_popcnt"]
[EventType "Swiss"]
[WhiteTeam ""]
[BlackTeam ""]
[PlyCount "76"]
[TimeControl "720+1"]

1. e4 e5 2. Nf3 Nc6 3. Bc4 Bc5 4. O-O Nf6 5. d3 d6 6. c3 a5 7. Nbd2 O-O 
8. Re1 h6 9. h3 Be6 10. Bb5 Qb8 11. Re2 Qa7 12. Nf1 a4 13. Ng3 Qa5 14. Bxc6 bxc6 
15. Nh4 Rfe8 16. Re1 d5 17. exd5 Nxd5 18. Nhf5 Qb6 19. Qf3 Nf4 20. d4 Bf8 
21. dxe5 Ng6 22. Nd4 Bd5 23. Qf5 Bc5 24. Nh5 a3 25. Bxh6 axb2 26. Rab1 Bxd4 
27. cxd4 gxh6 28. Qf6 Kf8 29. Qg7+ Ke7 30. e6 Bxe6 31. Rxe6+ Kxe6 32. Rxb2 Qa7 
33. d5+ Ke7 34. dxc6 Qc5 35. Qf6+ Kf8 36. Qg7+ Ke7 37. Qf6+ Kf8 38. Qg7+ Ke7 
1/2-1/2

[Event "Friday 27 April Rapid Engine Tour 12+1 Rounds 9 Starts 1600ST"]
[Site "Infinity Chess"]
[Date "2018.4.27"]
[Round "3"]
[White "star99"]
[Black "HerzsjeMZ"]
[Result "1/2-1/2"]
[ECO "D05"]
[WhiteElo "2450"]
[BlackElo "2443"]
[WhiteEngine "Cryptic Heroes 9.4B"]
[BlackEngine "BrainFish_180423_x64_modern"]
[EventType "Swiss"]
[WhiteTeam ""]
[BlackTeam ""]
[PlyCount "126"]
[TimeControl "720+1"]

1. d4 d5 2. Nf3 Nf6 3. e3 e6 4. Nbd2 Nbd7 5. Bd3 Be7 6. O-O O-O 7. b3 b6 
8. Bb2 Bb7 9. c4 c5 10. Qe2 cxd4 11. Nxd4 Nc5 12. Bc2 dxc4 13. Nxc4 Qd5 
14. f4 Qh5 15. Qxh5 Nxh5 16. f5 Nf6 17. fxe6 fxe6 18. Rfe1 Be4 19. Rac1 Bxc2 
20. Rxc2 Rfe8 21. Ne5 a5 22. Ndc6 Bf8 23. Rec1 Nd5 24. Re2 a4 25. b4 Ne4 
26. a3 Rac8 27. g3 Rc7 28. Kg2 b5 29. Kf3 Ng5+ 30. Kg2 Ne4 31. Kf3 Nd6 
32. e4 Nb6 33. Nd4 Rxc1 34. Bxc1 g6 35. Ng4 Bg7 36. e5 Nbc4 37. exd6 Bxd4 
38. Bf4 Kg7 39. Ke4 e5 40. d7 Rd8 41. Bxe5+ Bxe5 42. Nxe5 Nxe5 43. Kxe5 Rxd7 
44. Rc2 Rd3 45. Rc5 Rxa3 46. Rxb5 Ra1 47. Ra5 a3 48. Ra7+ Kh6 49. Kf4 a2 
50. Kg4 Rb1 51. Rxa2 Rxb4+ 52. Kh3 Rb5 53. Re2 Rh5+ 54. Kg2 Rg5 55. Rb2 Rd5 
56. h3 Rg5 57. g4 Re5 58. h4 Ra5 59. g5+ Kh5 60. Rb7 Kxh4 61. Rxh7+ Kxg5 
62. Rb7 Ra3 63. Rb2 Rc3 1/2-1/2